 Dungeon Crawl Stone Soup version 0.25-a0-447-gff83419037 (webtiles) character file.

Game seed: 7524670616166071609, levelgen mode: deterministic

1355 Eurus the Magician (level 8, -4/57 HPs)
             Began as a Mummy Conjurer on Jan 31, 2020.
             Shot with an arrow by a centaur (10 damage)
             ... on level 6 of the Dungeon.
             The game lasted 00:19:03 (7272 turns).

Eurus the Magician (Mummy Conjurer)                 Turns: 7272, Time: 00:19:04

Health: -4/57      AC:  3    Str: 11    XL:     8   Next: 37%
Magic:  27/27      EV: 12    Int: 16    God:
Gold:   384        SH:  0    Dex: 13    Spells: 17/20 levels left

rFire    x . .     SeeInvis .   k - staff of earth
rCold    + . .     Gourm    .   (no shield)
rNeg     + + +     Faith    .   a - +0 robe
rPois    ∞         Spirit   .   q - +1 hat
rElec    .         Reflect  .   (no cloak)
rCorr    .         Harm     .   (no gloves)
MR       +....                  (no boots)
Stlth    ++........             (no amulet)
HPRegen  0.19/turn              d - ring of magical power
MPRegen  0.20/turn              (no ring)

@: no status effects
A: no food or potions, fire vulnerability, cold resistance 1, negative energy
resistance 3, torment resistance, unbreathing
a: no special abilities


You were on level 6 of the Dungeon.
You were not hungry.

You visited 1 branch of the dungeon, and saw 6 of its levels.

You collected 384 gold pieces.

Inventory:

Armour
 a - a +0 robe (worn)
 j - a +3 chain mail
 l - a +0 helmet
 q - a +1 hat (worn)
Magical Staves
 k - an uncursed staff of earth (weapon)
Jewellery
 b - a cursed amulet of inaccuracy {unknown}
 d - a ring of magical power (left hand)
 f - an uncursed ring of wizardry {unknown}
 m - a +3 ring of protection {unknown}
Wands
 e - a wand of random effects (21)
 n - a wand of disintegration (18)
Scrolls
 c - a scroll of magic mapping {unknown}
 g - a scroll of enchant weapon {unknown}
 h - a scroll of teleportation {unknown}
 i - 3 scrolls of remove curse {unknown}
 o - 3 scrolls of identify {unknown}
 p - 2 scrolls of fog {unknown}
 r - a scroll of enchant armour {unknown}
 s - 3 scrolls of immolation {unknown}
 t - a scroll of blinking {unknown}


   Skills:
 - Level 2.3 Fighting
 + Level 3.5 Staves
 + Level 3.5 Armour
 - Level 1.5 Dodging
 - Level 1.5 Stealth
 + Level 6.9 Spellcasting
 + Level 5.5 Conjurations


You had 17 spell levels left.
You knew the following spells:

 Your Spells              Type           Power        Failure   Level  Hunger
a - Magic Dart            Conj           ###.         1%          1    N/A
b - Searing Ray           Conj           ###...       1%          2    N/A

Your spell library contained the following spells:

 Spells                   Type           Power        Failure   Level  Hunger
 Dazzling Flash           Conj/Hex       ##....       12%         3    N/A
 Animate Skeleton         Necr           N/A          13%         1    N/A
 Apportation              Tloc           #.....       13%         1    N/A
 Corona                   Hex            #......      13%         1    N/A
 Summon Small Mammal      Summ           #...         13%         1    N/A
 Fulminant Prism          Conj/Hex       ##........   38%         4    N/A
 Iskenderun's Mystic Bla  Conj/Tloc      ##......     38%         4    N/A

Dungeon Overview and Level Annotations

Branches:
Dungeon (6/15)
 Temple: D:4-7

Altars:
Fedhas
Trog
Vehumet
Xom


Innate Abilities, Weirdness & Mutations

You do not eat or drink.
Your flesh is vulnerable to fire.
You are immune to poison.
Your flesh is cold resistant. (rC+)
You are immune to negative energy. (rN+++)
You are immune to unholy pain and torment.
You can survive without breathing.


Message History

The centaur wields a +0 shortbow.
The centaur shoots an arrow.
The arrow hits you!
You see here an arrow.
The centaur shoots an arrow.
The arrow hits you.
The centaur shoots an arrow.
The arrow closely misses you.
Found a mace.
You see here 2 arrows.
The centaur shoots an arrow.
The arrow hits you!
* * * LOW HITPOINT WARNING * * *
The centaur shoots an arrow.
The arrow hits you!
* * * LOW HITPOINT WARNING * * *
You hear an angry hiss.
You see here an arrow.
The centaur shoots an arrow.
The arrow closely misses you.
You hear an angry hiss.
You see here a ring mail.
The centaur shoots an arrow.
The arrow barely misses you.
There is a stone staircase leading up here.
The centaur shoots an arrow.
The arrow hits you!
You die...

#..#.###............###
.....#.Y##.........#.....
c.....##c########.....###.
...... #.........###...###
..... #.........# ##.....
.... #(........######.##
#.................#
#.[().....#######..
#.@.<.....# ###
#.........# ###########


You could see an ice beast and a centaur.

Vanquished Creatures
  A sky beast (D:5)
  An ice beast (D:6)
  3 phantoms (D:4)
  2 centaurs
  A howler monkey (D:5)
  A crimson imp (D:5)
  3 orc priests
  2 centaur skeletons
  6 orc wizards
  3 worker ants
  5 adders
  9 gnolls
  3 oozes
  3 worms
  5 dart slugs
  3 leopard geckos
  15 orcs
  A ball python (D:3)
  6 giant cockroaches
  8 hobgoblins
  17 jackals
  2 quokkas
  9 bats
  6 frilled lizards
  6 goblins
  8 kobolds
  2 leopard gecko skeletons
  4 rats
135 creatures vanquished.

Notes
Turn   | Place    | Note
-------+----------+-------------------------------------------
     0 | D:1      | Eurus the Mummy Conjurer began the quest for the Orb.
     0 | D:1      | Reached XP level 1. HP: 13/13 MP: 4/4
   287 | D:1      | Reached skill level 3 in Spellcasting
   287 | D:1      | Reached XP level 2. HP: 14/20 MP: 0/6
   291 | D:1      | Learned a level 2 spell: Searing Ray
   531 | D:1      | Reached skill level 1 in Fighting
  1013 | D:1      | Reached XP level 3. HP: 23/26 MP: 2/7
  2082 | D:2      | Reached XP level 4. HP: 29/33 MP: 6/9
  2351 | D:2      | Reached skill level 4 in Spellcasting
  3174 | D:3      | Reached XP level 5. HP: 39/39 MP: 5/11
  3865 | D:4      | Noticed a phantom
  3995 | D:4      | Noticed a phantom
  4059 | D:4      | Reached skill level 1 in Staves
  4062 | D:4      | Reached skill level 1 in Armour
  4097 | D:4      | Noticed a centaur
  4210 | D:4      | Noticed a phantom
  4267 | D:5      | Entered Level 5 of the Dungeon
  4800 | D:5      | Reached XP level 6. HP: 45/45 MP: 13/13
  5071 | D:5      | Reached skill level 5 in Spellcasting
  5259 | D:5      | Noticed a sky beast
  5283 | D:5      | Killed a sky beast
  5283 | D:5      | Reached XP level 7. HP: 48/51 MP: 15/15
  5528 | D:5      | Found a radiant altar of Vehumet.
  5529 | D:5      | Found a bloodstained altar of Trog.
  5531 | D:5      | Found a blossoming altar of Fedhas.
  5560 | D:5      | Found a shimmering altar of Xom.
  5959 | D:4      | Reached skill level 6 in Spellcasting
  5959 | D:4      | Reached skill level 5 in Conjurations
  6076 | D:4      | Reached XP level 8. HP: 56/57 MP: 13/17
  7272 | D:6      | Shot with an arrow by a centaur

Levels and vault maps discovered:
D:1:      lightli_arrival_isolated_outpost, layout_loops_ring, item_on_display_a
D:2:      layout_loops_ring, serial_bayou_pond_a, minmay_pentomino_x2
D:3:      layout_basic
D:4:      layout_rooms, first_ration, grunt_decor_resistance
D:5:      layout_loops_ring, nicolae_overflow_quartered_altars,
          hangedman_decor_opposing, sigmund_army
D:6:      layout_rooms, minmay_temple_entry_statues_fountains, basic_altar,
          corexii_item_surrounded_by_moat, uniq_maggie

Skill      XL: |  1  2  3  4  5  6  7 |
---------------+----------------------+-----
Spellcasting   | 3 4 5 6 |  6.9
Fighting       | 1 2 |  2.3
Conjurations   | 4 5 |  5.5
Staves         | 1 2 3 |  3.5
Armour         | 1 2 3 |  3.5
Dodging        | |  1.5
Stealth        | |  1.5

Action                   |  1- 3 |  4- 6 |  7- 9 || total
-------------------------+-------+-------+-------++-------
Melee: Club              |     8 |       |       ||     8
       Dagger            |    71 |    95 |       ||   166
       Staff             |       |     4 |     9 ||    13
 Cast: Magic Dart        |    74 |    70 |    58 ||   202
       Searing Ray       |     2 |    20 |    25 ||    47
 Stab: Sleeping          |     1 |       |       ||     1
Armor: Robe              |    18 |    38 |     4 ||    60
Dodge: Dodged            |    56 |    87 |    27 ||   170

Table legend:
 A = Non-vault XP
 B = Vault XP
 C = Vault XP percentage of total XP
 D = Non-vault monster count
 E = Vault monster count
 F = Vault count percentage of total count
                 A         B        C        D         E       F
            +---------+---------+-------+---------+---------+-------
      Total |    1905 |      32 |   1.7 |     131 |       4 |   3.0
            +---------+---------+-------+---------+---------+-------
        D:1 |      60 |       0 |   0.0 |      27 |       0 |   0.0
        D:2 |     102 |       4 |   3.8 |      28 |       2 |   6.7
        D:3 |      77 |       0 |   0.0 |      16 |       0 |   0.0
        D:4 |     812 |       0 |   0.0 |      28 |       0 |   0.0
        D:5 |     681 |      28 |   3.9 |      28 |       2 |   6.7
        D:6 |     173 |       0 |   0.0 |       4 |       0 |   0.0
            +---------+---------+-------+---------+---------+-------
